 Dungeon Crawl Stone Soup version 0.29.0-4-gdea44cf6ec (webtiles) character file.

Game seed: 2093175487416268345

3 qw the Sneak (level 1, -3/14 HPs)
             Began as a Gargoyle Delver on Sept 10, 2022.
             Killed from afar by an orc wizard (5 damage)
             ... with a magic dart
             ... on level 4 of the Dungeon.
             The game lasted 00:00:04 (323 turns).

qw the Sneak (Gargoyle Delver)                       Turns: 323, Time: 00:00:05

Health: -3/14      AC:  5    Str: 15    XL:     1   Next: 50%
Magic:  1/1        EV: 11    Int: 10    God:
Gold:   0          SH:  0    Dex: 11    Spells: 0/0 levels left

rFire   . . .      SeeInvis .   a - +0 hand axe
rCold   . . .      Faith    .   (no shield)
rNeg    + . .      Spirit   .   b - +0 leather armour
rPois   inf        Reflect  .   (no helmet)
rElec   +          Harm     .   (no cloak)
rCorr   .          Rampage  .   (no gloves)
Will    .....                   (no boots)
Stlth   +.........              (no amulet)
HPRegen 0.04/turn               (no ring)
MPRegen 0.07/turn               (no ring)

@: confused
A: sickness immunity, AC +2, negative energy resistance 1, electricity
resistance, torment resistance 1, petrification resistance
a: no special abilities


You were on level 4 of the Dungeon.
You visited 1 branch of the dungeon, and saw 2 of its levels.


Innate Abilities, Weirdness & Mutations

You are immune to sickness and miasma.
Your stone body is resilient. (AC +2)
You are immune to poison.
You resist negative energy. (rN+)
You are resistant to electric shocks. (rElec)
You are resistant to unholy torment.
You are immune to petrification.


   Skills:
 - Level 3.2 Fighting
 + Level 2.1 Axes
 - Level 1.5 Dodging
 - Level 5.4 Stealth


You couldn't memorise any spells.
You didn't know any spells.
Your spell library was empty.

Inventory:

Hand Weapons
 a - a +0 hand axe (weapon)
Armour
 b - a +0 leather armour (worn)
Wands
 g - a wand of digging (3)
Potions
 c - a potion of resistance {unknown}
 f - a potion of haste

Dungeon Overview and Level Annotations

Branches:
Dungeon (5/15)
 Temple: D:4-7

Altars:
Elyvilon
Nemelex Xobeh

Shops:
D:5 !

Annotations:
D:5 Dowan


Message History

The worm bites you!
Ouch! That really hurt!
You hit the worm.
The worm is heavily wounded.
The worm closely misses you.
You hit the worm.
The worm is heavily wounded.
You slash the worm!
The worm is almost dead.
The worm closely misses you.
You hit the worm.
You kill the worm!
Your Axes skill increases to level 2!
You start resting.
HP restored.
c - a viscous coppery potion An orc wizard comes into view.
It is wielding a +0 dagger.
You see here an orange potion.
Enter note: An orc comes into view. It is wielding a +0 hand axe.
An orc and an orc wizard come into view.
The orc shouts!
The orc wizard shouts! x2; The orc shouts!
The orc wizard points at you and mumbles some strange words.
The magic dart hits you.
The orc wizard hits you but does no damage.
You barely miss the orc wizard. You closely miss the orc wizard.
The orc wizard hits you with a +0 dagger.
The orc wizard gestures at you while chanting.
You are confused.
The orc wizard attacks as you move away!
The orc wizard hits you but does no damage.
The orc wizard casts a spell.
The orc wizard flickers and vanishes!
Deactivating autopickup; reactivate with Ctrl-A.
The orc hits you with a +0 hand axe.
You closely miss the orc wizard. You closely miss the orc.
The orc hits you with a +0 hand axe.
The orc wizard points at you and mumbles some strange words.
The magic dart hits you.
You die...

.........# ...._.## ..#
.......# ..#
.....#.##########..###
..+..................
..##.#.########....#
####.#.########....#
....#.............#
................@..#
#.#...........!.oo.#
#.#.############o#.....
#. #.......... #
#.#{#####.. #.#.# . #
#.# #.# ..#


You could see an orc wizard and 2 orcs.

Vanquished Creatures
  A worm (D:4)
1 creature vanquished.

Notes
Turn   | Place    | Note
-------+----------+-------------------------------------------
     0 | D:5      | qw the Gargoyle Delver began the quest for the Orb.
     0 | D:5      | Reached XP level 1. HP: 14/14 MP: 1/1
     0 | D:5      | 0 ||| qw: Version: 0.1-a-117-gfe26ee0
     0 | D:5      | 0 ||| qw: Game counter: 9626
     0 | D:5      | 0 ||| qw: Always use a shield: true
     0 | D:5      | 0 ||| qw: God list: Okawaru
     0 | D:5      | 0 ||| qw: Allow faded altars: false
     0 | D:5      | 0 ||| qw: Do Orc after D:15 true
     0 | D:5      | 0 ||| qw: Do second Lair branch before Depths: true
     0 | D:5      | 0 ||| qw: Lair rune preference: random
     0 | D:5      | 0 ||| qw: Plans: Normal
     0 | D:5      | 0 ||| PLANNING D:1-11
     0 | D:5      | 0 ||| DROPPING scroll of fog.
     1 | D:5      | 1 ||| DROPPING scroll of magic mapping.
     2 | D:5      | 2 ||| DROPPING scroll of fear.
     4 | D:5      | Noticed Dowan
     5 | D:5      | 5 ||| SHOPLISTING 2 potions of might (96 gold, have 0).
     5 | D:5      | 5 ||| SHOPLISTING 2 potions of resistance (240 gold, have
                  | 0).
     5 | D:5      | 5 ||| SHOPLISTING potion of curing (36 gold, have 0).
     5 | D:5      | 5 ||| SHOPLISTING potion of haste (120 gold, have 0).
     5 | D:5      | 5 ||| SHOPLISTING potion of heal wounds (60 gold, have 0).
     5 | D:5      | 5 ||| SHOPLISTING potion of resistance (120 gold, have 0).
     5 | D:5      | 5 ||| FLEEEEING.
     7 | D:5      | 7 ||| STAIRDANCE
     8 | D:4      | Found a white marble altar of Elyvilon.
     8 | D:4      | Found a sparkling altar of Nemelex Xobeh.
    32 | D:4      | HP: 3/14 [worm (10)]
   317 | D:4      | Noticed an orc wizard
   319 | D:4      | Noticed an orc wizard
   323 | D:4      | HP: 2/14 [orc/+0 hand axe (3)]
   323 | D:4      | Killed from afar by an orc wizard

Levels and vault maps discovered:
D:4:      layout_basic, grunt_temple_overflow_open, minmay_temple_entry_statues
D:5:      layout_loops_cross, mainiacjoe_overflow_alcove_4, serial_shops,
          nicolae_stop_n_shop_1, uniq_duvessa

Skill      XL: |  1 |
---------------+----+-----
Axes           | 2 |  2.1
Fighting       | |  3.2
Dodging        | |  1.5
Stealth        | |  5.4

Action                   || total
-------------------------++-------
Melee: Hand axe          ||    15
Armor: Leather armour    ||     4
Dodge: Dodged            ||     5

Table legend:
 A = Non-vault XP
 B = Vault XP
 C = Vault XP percentage of total XP
 D = Non-vault monster count
 E = Vault monster count
 F = Vault count percentage of total count
                 A         B        C        D         E       F
            +---------+---------+-------+---------+---------+-------
      Total |       5 |       0 |   0.0 |       1 |       0 |   0.0
            +---------+---------+-------+---------+---------+-------
        D:4 |       5 |       0 |   0.0 |       1 |       0 |   0.0
            +---------+---------+-------+---------+---------+-------
